Map: Tokamak LE

Players

JUANANBOT

  • Race: Terran Terran
  • League: Platinum
  • Spawn Location: 1:00

ManlyManMeat - Winner!

  • Race: Zerg Zerg
  • League: Platinum
  • Spawn Location: 7:00

VOD

Have the link to the VOD?

Description

Time

  • Played on: June 20, 2025, 3:54 p.m.
  • Length: 12:37
Show
View Real Time Build Order
Export as new Build Order

JUANANBOT Terran 

Build Orders:  

Get SALT Encoding   

  12  0:00  SCV  
  13  0:14  Supply Depot  
  13  0:18  SCV  
  14  0:25  Refinery  
  14  0:39  Barracks  
  14  0:52  Supply Depot  
  14  0:53  SCV  
  15  1:05  SCV  
  16  1:16  Barracks  
  16  1:28  Barracks  
  16  1:32  Barracks Tech Lab  
  16  1:46  Orbital Command  
  16  1:56  Stimpack  
  16  2:03  Barracks Reactor  
  16  2:12  SCV  
  17  2:16  Barracks Reactor  
  17  2:24  SCV  
  17  2:25  Marauder  
  20  2:36  SCV  
  21  2:39  Marine x2  
  23  2:46  Marauder  
  25  2:53  Marine x2  
  25  2:57  Marine x2  
  29  2:58  Supply Depot  
  29  3:08  Marauder  
  31  3:19  Marine x3  
  31  3:24  Supply Depot  
  34  3:27  Marine  
  34  3:29  Marauder  
  37  3:35  Combat Shield  
  37  3:37  Marine x2  
  39  3:45  Marine x2  
  39  3:48  Supply Depot  
  41  3:50  Marine  
  42  4:04  Marine x4  
  48  4:10  Marauder  
  48  4:17  Supply Depot  
  48  4:21  Marine  
  48  4:22  Marine x2  
  48  4:23  Marine  
  52  4:31  Marauder  
  54  4:39  Marine x2  
  54  4:40  Marine x2  
  58  4:52  Marauder  
  60  4:54  Concussive Shells  
  60  4:57  Marine x2  
  60  4:58  Marine  
  63  5:13  Marine  
  63  5:14  Marine  
  47  5:26  Marine x3  
  33  5:31  Marine  
  33  5:33  Marauder  
  31  5:44  Marine x3  
  31  5:49  Marine  
  31  5:53  Marine  
  32  6:01  Marine  
  32  6:02  Marine x2  
  35  6:07  Marine  
  35  6:08  Command Center  
  36  6:12  Marauder  
  38  6:19  Marine  
  38  6:21  Marine x2  
  38  6:25  Marine  
  42  6:33  Marauder  
  42  6:37  Marine  
  45  6:44  Marine x2  
  45  6:45  Marine  
  48  6:54  Marauder  
  48  6:55  Marine  
  51  7:01  Marine  
  51  7:02  Marine x2  
  51  7:07  Supply Depot  
  54  7:13  Marine  
  55  7:16  Marauder  
  55  7:19  Marine x2  
  55  7:20  Orbital Command, Marine  
  60  7:30  Marine  
  61  7:37  Marauder, Marine x2  
  61  7:38  Marine  
  66  7:48  Marine  
  67  7:55  Marine x2  
  67  7:56  Marine  
  70  7:59  Marauder  
  72  8:06  Marine  
  71  8:13  Marine x2  
  71  8:14  Marine  
  74  8:20  Marauder  
  74  8:25  Marine  
  77  8:31  Marine x2  
  77  8:32  Marine  
  72  8:41  Marauder  
  72  8:42  Marine  
  75  8:48  Marine  
  75  9:01  Marine x3  
  78  9:03  Marauder  
  78  9:06  Marine  
  81  9:19  Marine x3  
  81  9:24  Marine x2  
  32  9:36  Marine  
  32  9:37  Marine x2  
  31  9:42  Marauder, Marine  
  32  9:51  Bunker  
  25  9:54  Marine x2  
  25  9:55  Marine  
  27  10:00  Marine  
  27  10:03  Marauder  
  30  10:12  Marine x3  
  33  10:17  Marine  
  33  10:21  Bunker  
  34  10:24  Marine  
  31  10:30  Marine x3  
  28  10:43  Marauder  
  28  10:54  Bunker  
  28  10:56  Marine x2  
  28  10:57  Marine x2  
  30  10:58  Bunker  
  34  11:04  Marauder  
  6  11:34  Marine x4  
Show
View Real Time Build Order
Export as new Build Order

ManlyManMeat Zerg - Winner!

Build Orders: Hatch First 

Get SALT Encoding   

  12  0:00  Drone  
  13  0:12  Overlord  
  13  0:17  Drone  
  14  0:31  Drone x2  
  16  0:38  Drone  
  17  0:51  Hatchery  
  17  0:53  Drone  
  18  0:57  Drone  
  18  1:08  Extractor  
  17  1:13  Spawning Pool  
  17  1:16  Drone  
  17  1:20  Drone  
  18  1:33  Overlord  
  18  1:45  Drone  
  19  2:03  Zergling x4  
  19  2:04  Queen  
  19  2:05  Queen  
  19  2:07  Drone  
  26  2:18  Spine Crawler  
  26  2:19  Drone  
  26  2:23  Zergling x2, Spine Crawler  
  26  2:30  Zergling x4  
  28  2:37  Zergling x4  
  30  2:49  Zergling x4  
  32  2:56  Baneling Nest  
  31  3:18  Drone  
  31  3:19  Drone x3  
  35  3:27  Overlord  
  35  3:42  Metabolic Boost  
  35  3:44  Queen  
  37  3:50  Drone  
  37  3:51  Drone x2  
  37  3:52  Zergling x4  
  37  3:53  Overlord  
  37  3:54  Overlord  
  42  3:55  Drone  
  43  4:07  Overlord  
  43  4:16  Zergling x4  
  43  4:17  Zergling x2  
  46  4:18  Baneling x3  
  46  4:19  Baneling  
  46  4:42  Zergling x10  
  46  4:43  Zergling x2  
  52  4:58  Zergling x4, Baneling x2  
  52  4:59  Zergling x8  
  58  5:08  Drone x2  
  47  5:26  Zergling x2  
  47  5:27  Zergling x4  
  44  5:38  Zergling x6  
  44  5:47  Baneling x3  
  44  5:49  Drone x2  
  46  5:54  Hatchery  
  45  6:05  Drone x2  
  47  6:15  Lair  
  47  6:18  Drone x2  
  47  6:19  Drone, Extractor  
  49  6:26  Hatchery  
  49  6:31  Zergling x12  
  54  6:44  Zergling x8  
  58  6:48  Baneling x3  
  58  6:49  Baneling  
  58  7:02  Zergling x2  
  58  7:03  Zergling x2, Overlord  
  58  7:04  Overlord x2  
  58  7:07  Overlord x4  
  60  7:20  Zergling x12  
  66  7:29  Evolution Chamber  
  65  7:32  Evolution Chamber  
  65  7:35  Zergling x6  
  65  7:36  Zergling x6  
  70  7:38  Queen  
  70  7:39  Queen  
  73  7:51  Drone x8  
  81  7:53  Centrifugal Hooks  
  63  8:14  Zergling x22  
  68  8:28  Drone x7  
  69  8:42  Zergling x20  
  78  8:55  Baneling x2  
  78  8:56  Zergling x2, Baneling x3  
  78  8:57  Zergling x4  
  78  9:02  Zergling x8  
  74  9:24  Queen  
  57  9:26  Drone, Zergling x14  
  57  9:28  Drone  
  67  9:36  Drone x2  
  67  9:37  Drone x2  
  70  9:45  Baneling  
  68  9:46  Baneling  
  68  9:57  Baneling  
  68  9:58  Baneling  
  68  9:59  Baneling x2  
  68  10:02  Zergling x16  
  67  10:37  Baneling x5  
  67  10:38  Zergling x16, Baneling x3  
  67  10:39  Zergling x14  
  78  11:10  Hatchery  
  71  11:16  Zergling x2  
  71  11:17  Zergling x20  
  74  11:30  Zergling x14  
  74  11:31  Zergling x6  
  84  11:36  Spire  
  83  12:00  Baneling  
  82  12:01  Baneling  
  82  12:02  Baneling  
  82  12:03  Baneling  
  81  12:15  Zergling x32  
Tags
 
Matchup
TvZ
Replay Pack
Myownreplay2
Spawn Locations
Cross Positions
Add a new tag
Caveats
  • Supply blocks, unpowered buildings, or Contaminate may cause inaccurate times.
  • Supply counts are checked every 10 seconds.